 Dungeon Crawl Stone Soup version 0.23.2-33-g5129a83184 (webtiles) character file.

Game seed: 1919970715264904946

2531 snakesoul the Grappler (level 9, -3/89 HPs)
             Began as a Troll Monk on June 28, 2019.
             Was a Priest of Wu Jian.
             Slain by a two-headed ogre
             ... wielding a +0 giant club
              (24 damage)
             ... on level 8 of the Dungeon.
             The game lasted 00:10:47 (5842 turns).

snakesoul the Grappler (Troll Monk)                 Turns: 5842, Time: 00:10:48

Health: -3/89      AC:  6    Str: 24    XL:     9   Next: 29%
Magic:  8/8        EV:  9    Int:  6    God:    Wu Jian [***...]
Gold:   409        SH: 10    Dex: 12    Spells: 8/8 levels left

rFire    . . .     SeeInvis .     - Unarmed
rCold    . . .     Gourm    +   h - +0 shield
rNeg     . . .     Faith    .   a - +0 robe
rPois    .         Spirit   .   (helmet restricted)
rElec    .         Reflect  .   (no cloak)
rCorr    .         Harm     .   (gloves unavailable)
MR       .....                  (boots unavailable)
Stlth    ++........             (no amulet)
HPRegen  0.64/turn              (no ring)
MPRegen  0.11/turn              (no ring)

@: no status effects
A: large, unfitting armour, claws 3, fast metabolism 3, gourmand, regeneration
1, shaggy fur 1, tough skin 3
a: Wall Jump, Serpent's Lash, Renounce Religion


You were on level 8 of the Dungeon.
You worshipped Wu Jian.
Wu Jian was most pleased with you.
You were not hungry.

You visited 2 branches of the dungeon, and saw 9 of its levels.

You collected 409 gold pieces.

Inventory:

Armour
 a - a +0 robe (worn)
 h - a +0 shield (worn)
Jewellery
 x - a +2 ring of evasion {unknown}
Wands
 m - a wand of paralysis (16)
 w - a wand of iceblast (9)
Scrolls
 c - 7 scrolls of teleportation {unknown}
 e - a scroll of enchant armour {unknown}
 g - 6 scrolls of remove curse {unknown}
 i - 3 scrolls of immolation {unknown}
 k - a scroll of fear {unknown}
 l - 2 scrolls of blinking {unknown}
 n - 8 scrolls of identify {unknown}
 q - 3 scrolls of amnesia {unknown}
 s - a scroll of noise {unknown}
 t - a scroll of fog {unknown}
 v - 3 scrolls of enchant weapon {unknown}
 y - 2 scrolls of magic mapping {unknown}
Potions
 d - a potion of brilliance {unknown}
 f - a potion of ambrosia {unknown}
 j - a potion of mutation {unknown}
 o - 5 potions of haste {unknown}
 p - 5 potions of curing {unknown}
 r - 2 potions of might {unknown}
 u - a potion of magic {unknown}
 z - a potion of invisibility {unknown}
 B - a potion of resistance {unknown}
Comestibles
 b - 12 rations


   Skills:
 + Level 5.8 Fighting
 - Level 2.4 Dodging
 - Level 1.0 Stealth
 + Level 4.9 Shields
 * Level 9.6 Unarmed Combat


You had 8 spell levels left.
You didn't know any spells.
Your spell library was empty.

Dungeon Overview and Level Annotations

Branches:
Dungeon (8/15)             Temple (1/1) D:4
   Lair: D:8-11

Altars:
Ashenzari
Cheibriados
Dithmenos
Elyvilon
Fedhas
Gozag
Hepliaklqana
Kikubaaqudgha
Nemelex Xobeh
Qazlal
Ru
Sif Muna
Trog
Uskayaw
Vehumet
Wu Jian
Xom
Yredelemnul
Zin
The Shining One

Annotations:
D:7 3 runed translucent doors, Sveporus's ghost, novice DsNe; doot's ghost, novice TeSu; senseless's ghost, novice DsFi


Innate Abilities, Weirdness & Mutations

You are too large for most types of armour.
You have claws for hands.
Your metabolism is lightning-fast.
You like to eat raw meat.
Your natural rate of healing is unusually fast.
You are covered in fur. (AC +1)
You have extremely tough skin. (AC +3)


Message History

You barely miss the two-headed ogre.
The two-headed ogre is heavily wounded.
You barely miss the two-headed ogre.
The two-headed ogre is heavily wounded.
The two-headed ogre hits you with a +0 giant club!!
The two-headed ogre barely misses you.
You scratch the two-headed ogre.
The two-headed ogre is heavily wounded.
The two-headed ogre barely misses you. The two-headed ogre closely misses you.
You scratch the two-headed ogre.
The two-headed ogre is heavily wounded.
You claw the two-headed ogre!
The two-headed ogre is severely wounded.
The two-headed ogre closely misses you.
The two-headed ogre hits you with a +0 giant club!!
* * * LOW HITPOINT WARNING * * *
You scratch the two-headed ogre but do no damage.
The two-headed ogre is severely wounded.
The two-headed ogre hits you with a +0 giant club!!
You die...

#. ### #.# #.. #.#
#.# #.# #O# # #####
#.# ####@#..+ .^..#
#.# #......#
....###.#####.##.###
.....<........##.#
....#.....######.#
....##...## #..
.######.## ### .#
#.# .# #.#


You could see a two-headed ogre.

Vanquished Creatures
  A hippogriff (D:8)
  A hungry ghost (D:8)
  3 ice beasts
  A sky beast (D:6)
  2 ogres
  2 centaurs
  4 scorpions
  4 wights (D:6)
  4 howler monkeys
  4 crimson imps
  A bullfrog zombie (D:6)
  2 quasits
  A jelly (D:8)
  An orc priest (D:7)
  2 bullfrog skeletons
  A hound (D:2)
  A centaur skeleton (D:6)
  8 orc wizards
  3 worker ants
  A hound skeleton (D:7)
  2 worker ant zombies
  A howler monkey skeleton (D:2)
  7 adders
  3 shadow imps (D:7)
  An ooze (D:1)
  An adder skeleton (D:4)
  An adder zombie (D:6)
  7 worms
  A dart slug (D:1)
  7 leopard geckos
  19 orcs
  5 giant cockroaches
  6 goblins
  9 hobgoblins
  15 jackals
  7 kobolds
  5 quokkas
  A ball python (D:1)
  7 bats
  5 frilled lizards (D:3)
  2 jackal skeletons
  8 rats
167 creatures vanquished.

Notes
Turn   | Place    | Note
-------+----------+-------------------------------------------
     0 | D:1      | snakesoul the Troll Monk began the quest for the Orb.
     0 | D:1      | Reached XP level 1. HP: 22/22 MP: 0/0
   187 | D:1      | Reached XP level 2. HP: 29/29 MP: 1/1
   427 | D:1      | Reached XP level 3. HP: 24/36 MP: 2/2
   891 | D:2      | Found an ornate altar of the Wu Jian Council.
  1016 | D:2      | Reached skill level 4 in Unarmed Combat
  1045 | D:2      | Found a shattered altar of Ashenzari.
  1506 | D:2      | Reached XP level 4. HP: 43/45 MP: 3/3
  1519 | D:2      | Reached skill level 1 in Shields
  1845 | D:3      | Found a shadowy altar of Dithmenos.
  2055 | D:3      | Reached XP level 5. HP: 53/53 MP: 4/4
  2195 | D:3      | Reached skill level 5 in Unarmed Combat
  2502 | D:4      | Found a staircase to the Ecumenical Temple.
  2510 | Temple   | Entered the Ecumenical Temple
  2632 | D:2      | Became a worshipper of the Wu Jian Council
  2632 | D:2      | Reached * piety under Wu Jian
  2632 | D:2      | Reached ** piety under Wu Jian
  2715 | D:4      | Reached XP level 6. HP: 61/61 MP: 5/5
  3102 | D:4      | Reached skill level 6 in Unarmed Combat
  3234 | D:5      | Entered Level 5 of the Dungeon
  3387 | D:5      | Reached XP level 7. HP: 70/70 MP: 6/6
  3492 | D:5      | Found an opulent altar of Gozag.
  3492 | D:5      | Found a sparkling altar of Nemelex Xobeh.
  3531 | D:5      | Found a bloodstained altar of Trog.
  3645 | D:5      | Found a snail-covered altar of Cheibriados.
  3645 | D:5      | Found a shimmering altar of Xom.
  3646 | D:5      | Found a radiant altar of Vehumet.
  3647 | D:5      | Found an ancient bone altar of Kikubaaqudgha.
  4172 | D:6      | Reached skill level 7 in Unarmed Combat
  4369 | D:6      | Reached XP level 8. HP: 79/79 MP: 7/7
  4675 | D:6      | Reached skill level 8 in Unarmed Combat
  4810 | D:6      | Found a sacrificial altar of Ru.
  5022 | D:7      | Reached skill level 5 in Fighting
  5051 | D:7      | Found a runed translucent gate.
  5051 | D:7      | Found a runed translucent gate.
  5052 | D:7      | Found a runed translucent gate.
  5052 | D:7      | Noticed senseless's ghost (novice DsFi)
  5052 | D:7      | Noticed doot's ghost (novice TeSu)
  5053 | D:7      | Noticed Sveporus's ghost (novice DsNe)
  5089 | D:7      | Reached *** piety under Wu Jian
  5435 | D:7      | Reached skill level 9 in Unarmed Combat
  5442 | D:7      | Reached XP level 9. HP: 58/88 MP: 8/8
  5833 | D:8      | Noticed a two-headed ogre
  5842 | D:8      | Slain by a two-headed ogre

Skill      XL: |  1  2  3  4  5  6  7  8 |
---------------+-------------------------+-----
Unarmed Combat | 4 5 6 7 9 |  9.6
Fighting       | 3 4 5 |  5.8
Shields        | 1 2 3 4 |  4.9
Dodging        | |  2.4
Stealth        | |  1.0

Action                   |  1- 3 |  4- 6 |  7- 9 || total
-------------------------+-------+-------+-------++-------
Melee: Unarmed           |    94 |   228 |   229 ||   551
Invok: Lunge             |       |     8 |    33 ||    41
       Whirlwind         |       |    28 |    24 ||    52
 Stab: Sleeping          |       |     3 |     2 ||     5
  Eat: Chunk             |    18 |    19 |    25 ||    62
Armor: Robe              |    33 |    69 |    40 ||   142
Dodge: Dodged            |    45 |    64 |    51 ||   160
Block: Shield            |    10 |    53 |    74 ||   137
